 Dungeon Crawl Stone Soup version 0.22-a0-800-g058c00f (webtiles) character file.

72 royokou the Chopper (level 4, 0/39 HPs)
             Began as a Hill Orc Monk on July 21, 2018.
             Slain by Sigmund
             ... wielding a +0 scythe
              (7 damage)
             ... on level 3 of the Dungeon.
             The game lasted 00:04:15 (2309 turns).

royokou the Chopper (Hill Orc Monk)                 Turns: 2309, Time: 00:04:15

Health: 0/39       AC: 11    Str: 14    XL:     4   Next: 25%
Magic:  0/4        EV:  4    Int: 10    God:
Gold:   118        SH:  0    Dex: 13    Spells: 3/3 levels left

rFire    . . .     SeeInvis .   a - +0 hand axe
rCold    . . .     Gourm    .   (no shield)
rNeg     . . .     Faith    .   j - +0 plate armour
rPois    .         Spirit   +   g - +0 helmet
rElec    .         Reflect  .   (no cloak)
rCorr    .         Harm     .   (no gloves)
MR       .....                  (no boots)
Stlth    ..........             b - amulet of guardian spirit
HPRegen  0.13/turn              (no ring)
MPRegen  0.09/turn              (no ring)

@: no status effects
A: no striking features
a: no special abilities


You were on level 3 of the Dungeon.
You were not hungry.

You visited 1 branch of the dungeon, and saw 3 of its levels.

You collected 118 gold pieces.

Inventory:

Hand Weapons
 a - a +0 hand axe (weapon)
Armour
 g - a +0 helmet (worn)
 j - a +0 plate armour (worn)
Jewellery
 b - an amulet of guardian spirit (around neck)
 o - a +3 ring of intelligence {unknown}
 q - a cursed ring of teleportation {unknown}
Scrolls
 e - 2 scrolls of enchant armour {unknown}
 f - a scroll of amnesia {unknown}
 l - a scroll of fog {unknown}
 m - a scroll of identify {unknown}
Potions
 d - a potion of agility {unknown}
 h - a potion of invisibility {unknown}
 i - a potion of flight {unknown}
 k - a potion of might {unknown}
 n - a potion of cancellation {unknown}
 p - a potion of curing {unknown}
 r - 2 potions of haste {unknown}
Comestibles
 c - 3 rations


   Skills:
 - Level 3.6 Fighting
 + Level 6.6 Axes
 - Level 2.4 Dodging
 - Level 1.5 Stealth


You had 3 spell levels left.
You didn't know any spells.
Your spell library was empty.

Dungeon Overview and Level Annotations

Branches:
Dungeon (3/15)

Altars:
Sif Muna
Wu Jian

Annotations:
D:3 Sigmund, Terence


Message History

Sigmund hits you from afar with a scythe.
Terence hits you but does no damage.
You hit Terence but do no damage.
Terence is moderately wounded.
Terence barely misses you.
You hit Terence.
Terence is heavily wounded.
Sigmund hits you from afar with a scythe!
* * * LOW HITPOINT WARNING * * *
Terence hits you but does no damage.
You hit Terence but do no damage.
Terence is moderately wounded.
Sigmund barely misses you. Terence hits you but does no damage.
You feel less confused.
Your plate armour prevents you from hitting Terence.
Terence is moderately wounded.
Terence hits you with a hand axe.
* * * LOW HITPOINT WARNING * * *
Sigmund hits you with a scythe!
You die...

#... .####### ## #...
........ ...#...
........ #......
#......
#......#####......
#..........#
#..........#
.....#....@@.## ....
#..†..@..# ..
#........#
#........###+#
#[.>.....#.....#
#.##.....#.....# '.
#.....#...###
.####.....#.....#
#####.........#.....#
#...............###+#


You could see Sigmund and Terence.

Vanquished Creatures
  3 adders
  A leopard gecko (D:1)
  A ball python (D:1)
  7 bats
  3 giant cockroaches
  7 goblins
  A hobgoblin (D:2)
  2 jackals (D:3)
  A quokka (D:2)
  2 frilled lizards
  9 kobolds
  8 rats
45 creatures vanquished.

Notes
Turn   | Place    | Note
-------+----------+-------------------------------------------
     0 | D:1      | royokou the Hill Orc Monk began the quest for the Orb.
     0 | D:1      | Reached XP level 1. HP: 19/19 MP: 1/1
    90 | D:1      | Reached XP level 2. HP: 25/26 MP: 2/2
   165 | D:1      | Reached skill level 5 in Axes
   874 | D:2      | Reached XP level 3. HP: 31/31 MP: 3/3
   937 | D:2      | Reached skill level 6 in Axes
  1245 | D:2      | Found a deep blue altar of Sif Muna.
  1245 | D:2      | Found an ornate altar of the Wu Jian Council.
  1365 | D:2      | Noticed a phantom
  2174 | D:3      | Reached XP level 4. HP: 38/39 MP: 4/4
  2276 | D:3      | Noticed Sigmund
  2284 | D:3      | Noticed Terence
  2309 | D:3      | Slain by Sigmund

Vault maps used:
D:1:      denvon_arrival_planthouse, moated_statue, feat_on_display
D:2:      amethyst_overflow_temple_binary
D:3:      cheibrodos_greedy_goblins, overflow_temple_1_default,
          hangedman_ru_absence, uniq_sigmund, uniq_terence

Skill      XL: |  1  2  3 |
---------------+----------+-----
Axes           | 5 6 |  6.6
Fighting       | |  3.6
Dodging        | |  2.4
Stealth        | |  1.5

Action                   |  1- 3 |  4- 6 || total
-------------------------+-------+-------++-------
Melee: Hand axe          |   195 |    32 ||   227
 Stab: Sleeping          |     3 |       ||     3
  Eat: Chunk             |     2 |       ||     2
       Ration            |     1 |       ||     1
Armor: Robe              |    10 |       ||    10
       Plate armour      |   124 |    27 ||   151
Dodge: Dodged            |    58 |     9 ||    67

Table legend:
 A = Spawn XP
 B = Non-spawn XP
 C = Spawn XP percentage of total XP
 D = Spawn monster count
 E = Non-spawn monster count
 F = Spawn count percentage of total count
 G = Total turns spent on level
                    A         B        C        D         E        F      G
               +---------+---------+-------+---------+---------+-------+---------
         Total |       0 |     103 |   0.0 |       0 |      45 |   0.0 |  2309
               +---------+---------+-------+---------+---------+-------+---------
           D:1 |       0 |      30 |   0.0 |       0 |      21 |   0.0 |  1079
           D:2 |       0 |      49 |   0.0 |       0 |      17 |   0.0 |  1081
           D:3 |       0 |      24 |   0.0 |       0 |       7 |   0.0 |   149
               +---------+---------+-------+---------+---------+-------+---------
